 Dungeon Crawl Stone Soup version 0.30-a0-368-g86fb4627a9 (webtiles) character file.

Game seed: 4770766580194612810

9 retardedninja the Shield-Bearer (level 2, 0/27 HPs)
             Began as a Minotaur Fighter on Nov 18, 2022.
             Succumbed to a gnoll's poison
             ... on level 1 of the Dungeon.
             The game lasted 00:00:26 (197 turns).

retardedninja the Shield-Bearer (Minotaur Fighter)   Turns: 197, Time: 00:00:27

Health: 0/27       AC:  9    Str: 20    XL:     2   Next: 3%
Magic:  1/1        EV:  7    Int:  5    God:
Gold:   65         SH:  4    Dex:  9    Spells: 1/1 levels left

rFire   . . .      SeeInvis .    a - +0 war axe
rCold   . . .      Faith    .    c - +0 buckler
rNeg    . . .      Spirit   .    h - +0 chain mail
rPois   .          Reflect  .    (helmet restricted)
rElec   .          Harm     .    (no cloak)
rCorr   .          Rampage  .    (no gloves)
Will    .....                    (no boots)
Stlth   ..........               (no amulet)
HPRegen 0.24/turn                (no ring)
MPRegen 0.07/turn                (no ring)

@: mighty, lethally poisoned (0 -> -15), about to teleport
A: horns 2, retaliatory headbutt
a: no special abilities


You were on level 1 of the Dungeon.
You visited 1 branch of the dungeon, and saw 1 of its levels.

You collected 65 gold pieces.

Inventory:

Hand Weapons
 a - a +0 war axe (weapon)
Armour
 c - a +0 buckler (worn)
 h - a +0 chain mail (worn)
Jewellery
 e - a ring of protection from fire
Scrolls
 f - a scroll of butterflies {unknown}


   Skills:
 + Level 3.8 Fighting
 + Level 2.6 Axes
 + Level 3.8 Armour
 + Level 3.8 Shields


You had one spell level left.
You didn't know any spells.
Your spell library was empty.

Dungeon Overview and Level Annotations

Branches:
Dungeon (1/15)

Altars:


Innate Abilities, Weirdness & Mutations

You have a pair of horns on your head.
You reflexively headbutt those who attack you in melee.


Message History

The ball python hisses angrily.
A ball python is nearby!
A ball python is nearby!
Found 12 gold pieces.
Found a leather armour.
You slash the ball python!
You kill the ball python!
You have reached level 2!
You see here a ball python corpse.
You now have 65 gold pieces (gained 12).
Key pressed, stopping explore.
A gnoll comes into view. It is wielding a +1 flail of venom.
The gnoll shouts!
A gnoll is nearby!
A gnoll is nearby!
A hobgoblin comes into view.
The hobgoblin shouts!
You hit the gnoll.
The gnoll is moderately wounded.
The gnoll hits you with a +1 flail of venom!
You are poisoned.
The gnoll barely misses you.
You barely miss the gnoll. Your headbutt misses the gnoll.
The gnoll is moderately wounded.
You feel very sick.
The gnoll hits you with a +1 flail of venom.
* * * LOW HITPOINT WARNING * * *
You are more poisoned.
You are too injured to fight recklessly!
You are too injured to fight recklessly!
Unknown command.
Okay, then.
As you read the scroll labelled JOM XOH ISIATILI, it crumbles to dust.
You feel strangely unstable.
It was a scroll of teleportation.
* * * LOW HITPOINT WARNING * * *
You feel very sick. The gnoll hits you but does no damage.
Unknown command.
You feel very mighty all of a sudden.
You die...

...........#
.########### .#
.# ### .# #.. .#
#... .. .####
##...########....
..[.#
#.........gg.....
††..# #........@#
....# #.........#
....# #######.###
....# #.# ....#
#.#
....##########.#
....#........#.#
....#[.......#.#
.....†.........#


You could see a gnoll and a hobgoblin.

Vanquished Creatures
  3 ball pythons (D:1)
  A giant cockroach (D:1)
  A hobgoblin (D:1)
  A kobold (D:1)
  A quokka (D:1)
7 creatures vanquished.

Notes
Turn   | Place    | Note
-------+----------+-------------------------------------------
     0 | D:1      | retardedninja the Minotaur Fighter began the quest for the
                  | Orb.
     0 | D:1      | Reached XP level 1. HP: 19/19 MP: 0/0
   175 | D:1      | Reached XP level 2. HP: 27/27 MP: 1/1
   197 | D:1      | Succumbed to a gnoll's poison

Illustrated notes

Levels and vault maps discovered:
D:1:      minmay_arrival_semitransparent, layout_basic, minmay_misc_feat_room

Action                   || total
-------------------------++-------
Melee: War axe           ||    16
       Headbutt          ||     3
  Use: Scroll            ||     1
       Potion            ||     1
Armor: Scale mail        ||     8
       Chain mail        ||     1
Dodge: Dodged            ||    12
Block: Buckler           ||     7

Table legend: (Time is in decaauts)
 A = Elapsed time spent in this place.
 B = Non-inter-level travel time spent in this place.
 C = Inter-level travel time spent in this place.
 D = Time resting spent in this place.
 E = Time spent auto-exploring this place.
 F = Levels seen in this place.
 G = Mean time per level.
                   A        B        C        D        E       F      G
               +--------+--------+--------+--------+--------+-----+--------+
         Total |    203 |    203 |      0 |      0 |    141 |   1 |  203.0 |
       Dungeon |    203 |    203 |      0 |      0 |    141 |   1 |  203.0 |
               +--------+--------+--------+--------+--------+-----+--------+

Top non-repeatable levels by time:
     D:1: 203 daAuts
